 Dungeon Crawl Stone Soup version 0.28-a0-461-g2dc4ca5097 (webtiles) character file.

Game seed: 13613449838738926579

257 mg7810 the Shooter (level 5, 0/37 HPs)
             Began as a Demonspawn Arcane Marksman on Sept 13, 2021.
             Was a Priest of Nemelex Xobeh.
             Killed from afar by an orc wizard (8 damage)
             ... with a puff of flame
             ... on level 4 of the Dungeon.
             The game lasted 00:14:16 (3150 turns).

mg7810 the Shooter (Demonspawn Arcane Marksman)     Turns: 3150, Time: 00:14:16

Health: 0/37       AC:  9    Str: 10    XL:     5   Next: 93%
Magic:  3/7        EV: 12    Int: 15    God:    Nemelex Xobeh [***...]
Gold:   125        SH:  0    Dex: 14    Spells: 2/7 levels left

rFire   . . .      SeeInvis .   a - +0 shortbow
rCold   . . .      Faith    +   (shield currently unavailable)
rNeg    . . .      Spirit   .   d - +0 robe
rPois   .          Reflect  .   r - +0 helmet
rElec   .          Harm     .   (no cloak)
rCorr   .          Rampage  .   (no gloves)
Will    .....                   (no boots)
Stlth   ++........              t - amulet of faith
HPRegen 0.12/turn               m - +4 ring of protection
MPRegen 0.10/turn               (no ring)

@: no status effects
A: claws 1, molten scales 1, ignite blood 1
a: Renounce Religion, Draw Escape, Draw Destruction, Draw Summoning, Triple Draw


You were on level 4 of the Dungeon.
You worshipped Nemelex Xobeh.
Nemelex Xobeh was most pleased with you.
You visited 1 branch of the dungeon, and saw 4 of its levels.

You collected 125 gold pieces.

Inventory:

Hand Weapons
 a - a +0 shortbow (weapon)
 k - a +1 vampiric dagger
Missiles
 c - 68 arrows (quivered ammo)
 f - 2 boomerangs
 p - 16 poisoned darts
Armour
 d - a +0 robe (worn)
 r - a +0 helmet (worn)
Jewellery
 m - a +4 ring of protection (left claw)
 t - an amulet of faith (around neck)
Scrolls
 b - a scroll of blinking {unknown}
 e - a scroll of torment {unknown}
 i - a scroll of noise {unknown}
 j - a scroll of amnesia {unknown}
 l - a scroll of identify {unknown}
 n - a scroll of silence {unknown}
 s - a scroll of teleportation {unknown}
Potions
 g - 3 potions of lignification {unknown}
 h - a potion of resistance {unknown}
 o - a potion of curing {unknown}
 q - a potion of brilliance {unknown}
 u - a potion of haste {unknown}


   Skills:
 + Level 1.6 Fighting
 + Level 4.0 Bows
 + Level 2.0 Dodging
 * Level 2.0 Stealth
 * Level 1.8 Spellcasting
 * Level 3.6 Hexes
 * Level 0.2 Fire Magic
 * Level 1.7 Invocations


You had 2 spell levels left.
You knew the following spells:

 Your Spells              Type           Power      Damage    Failure   Level
a - Slow                  Hex            12%        N/A       8%          2
b - Inner Flame           Hex/Fire       7%         N/A       30%         3

Your spell library contained the following spells:

 Spells                   Type           Power      Damage    Failure   Level
 Portal Projectile        Hex/Tloc       12%        N/A       32%         3
 Cause Fear               Hex            6%         N/A       45%         4


Dungeon Overview and Level Annotations

Branches:
Dungeon (4/15)
 Temple: D:4-7

Altars:
Nemelex Xobeh


Innate Abilities, Weirdness & Mutations

You have sharp fingernails.
You are partially covered in molten scales. (AC +2)
Your demonic aura sometimes causes spilled blood to erupt in flames.


Message History

A magic dart appears from out of thin air!
The magic dart hits you!
You draw a card...
You have drawn the Dance.
The orc priest hits your -1 quarterstaff of Infection {vorpal, Int+2} with a +0 club.
You hear some strange, mumbled words.
A puff of flame appears from out of thin air!
The puff of flame hits you.
Fire: 71 arrows
Press: ? - help, Q - select action, (/) - cycle Shift-Dir - straight line, p - orc priest You shoot an arrow.
The orc priest hits your -1 quarterstaff of Infection {vorpal, Int+2} with a +0 club.
Something hits you but does no damage.
Fire: 70 arrows
Press: ? - help, Q - select action, (/) - cycle Shift-Dir - straight line, f - orc priest
Aim: an orc priest, wielding a +0 club and wearing a +0 leather armour (heavily wounded, ally target, 59% to hit)
Really fire in your -1 quarterstaff of Infection {vorpal, Int+2}'s direction?
Okay, then.
Fire: 70 arrows
Press: ? - help, Q - select action, (/) - cycle Shift-Dir - straight line, p - orc priest You shoot an arrow.
The orc priest closely misses your -1 quarterstaff of Infection {vorpal, Int+2}.
Your -1 quarterstaff of Infection {vorpal, Int+2} hits the orc priest.
Something hits you but does no damage.
Fire: 69 arrows
Press: ? - help, Q - select action, (/) - cycle Shift-Dir - straight line You shoot an arrow.
The orc priest is engulfed in blazing flames.
You kill the orc priest!
Something hits you but does no damage.
Your Bows skill increases to level 4!
Your Stealth skill increases to level 2!
Unknown command.
You swap places.
Something hits you.
* * * LOW HITPOINT WARNING * * *
Your -1 quarterstaff of Infection {vorpal, Int+2} barely misses something.
You hear some strange, mumbled words.
A puff of flame appears from out of thin air!
The puff of flame hits you!
You die...
Your body disappears without a glow.

#≈PP♣♣≈≈≈PP.#
####PPPP♣♣≈≈≈P.#
#....≈P♣≈≈≈≈P..####
####.#PPPP♣≈≈≈PPP....#
..#≈PP.≈≈♣≈≈P..P##...#
#...P≈≈≈♣P.P..###..#†##
.PP≈≈♣≈P.≈(##.##..##..#
.P≈PPPP≈P{(##....####.##
.P≈P≈PP.@°(###..## #..##
#≈≈PP..#.### #.## ##..#
#####....# #.# ##..
###<.#####.# ##.
##...##..# #< #(#....##
#. #.####..###### #.
#####.##.........# #.
##....o...#######.# #.


You could see a friendly -1 quarterstaff of Infection {vorpal, Int+2}
(summoned).

Vanquished Creatures
  A sky beast (D:3)
  An orc priest (D:4)
  A hound skeleton (D:4)
  A howler monkey skeleton (D:4)
  2 adders
  2 adder skeletons (D:4)
  2 worms
  4 dart slugs
  An orc (D:4)
  6 ball pythons
  A bat (D:1)
  5 endoplasms
  3 giant cockroaches
  7 goblins
  4 hobgoblins
  2 quokkas (D:1)
  3 frilled lizards
  6 kobolds
  10 rats
62 creatures vanquished.

Vanquished Creatures (collateral kills)
  An adder (D:3)
  A jackal (D:3)
  2 ball pythons (D:3)
  A frilled lizard (D:3)
5 creatures vanquished.

Vanquished Creatures (others)
  3 plants (D:1)
  7 toadstools (D:1)
10 creatures vanquished.

Grand Total: 77 creatures vanquished

Notes
Turn   | Place    | Note
-------+----------+-------------------------------------------
     0 | D:1      | mg7810 the Demonspawn Arcane Marksman began the quest for
                  | the Orb.
     0 | D:1      | Reached XP level 1. HP: 15/15 MP: 2/2
   290 | D:1      | Gained mutation: Your demonic aura sometimes causes spilled
                  | blood to erupt in flames. [demonic ancestry]
   290 | D:1      | Reached XP level 2. HP: 21/21 MP: 3/3
   291 | D:1      | Reached skill level 2 in Bows
   294 | D:1      | Found a faded altar of an unknown god.
   357 | D:1      | Became a worshipper of Nemelex Xobeh the Trickster
   357 | D:1      | Reached * piety under Nemelex Xobeh
   357 | D:1      | Received a gift from Nemelex Xobeh
   377 | D:1      | Learned a level 2 spell: Slow
   392 | D:1      | Reached skill level 1 in Stealth
   617 | D:1      | Reached XP level 3. HP: 22/26 MP: 4/4
  1426 | D:2      | Reached ** piety under Nemelex Xobeh
  2385 | D:3      | Noticed a sky beast
  2391 | D:3      | Killed a sky beast
  2392 | D:3      | Reached skill level 3 in Bows
  2392 | D:3      | Reached skill level 1 in Invocations
  2392 | D:3      | Gained mutation: You are partially covered in molten
                  | scales. (AC +2) [demonic ancestry]
  2392 | D:3      | Reached XP level 4. HP: 32/32 MP: 4/6
  2392 | D:3      | Gained mutation: You have sharp fingernails. [demonic
                  | ancestry]
  2392 | D:3      | Reached XP level 5. HP: 37/37 MP: 4/7
  2441 | D:3      | Reached *** piety under Nemelex Xobeh
  2496 | D:3      | Learned a level 3 spell: Inner Flame
  2829 | D:3      | Received a gift from Nemelex Xobeh
  3145 | D:4      | Identified the -1 quarterstaff of Infection {vorpal, Int+2}
  3149 | D:4      | Reached skill level 4 in Bows
  3150 | D:4      | Killed from afar by an orc wizard

Illustrated notes

Levels and vault maps discovered:
D:1:      nagdon_arrival_double_spiral, layout_basic,
          hellmonk_ecumenical_altar_lost_god, serial_bayou_ford_a
D:2:      layout_loops_corners, kennysheep_generic_room_10
D:3:      minmay_spotlight, layout_basic, serial_corexii_hall,
          corexii_hall_statues_x, corexii_hall_statues_l,
          corexii_hall_statues_i, corexii_hall_statues_u
D:4:      layout_rooms, kennysheep_doodads, serial_bayou_lagoon_a

Skill      XL: |  1  2  3  4  5 |
---------------+----------------+-----
Dodging        | 2 |  2.0
Bows           | 2 3 4 |  4.0
Stealth        | 1 2 |  2.0
Invocations    | 1 |  1.7
Fighting       | |  1.6
Spellcasting   | |  1.8
Hexes          | |  3.6
Fire Magic     | |  0.2

Action                   |  1- 3 |  4- 6 || total
-------------------------+-------+-------++-------
Melee: Shortbow          |       |     3 ||     3
 Fire: Shortbow          |   124 |    50 ||   174
 Cast: Inner Flame       |       |     4 ||     4
Invok: Draw Destruction  |     1 |     2 ||     3
       Draw Summoning    |       |     2 ||     2
Armor: Robe              |     5 |     6 ||    11
Dodge: Dodged            |    23 |    10 ||    33

Table legend: (Time is in decaauts)
 A = Elapsed time spent in this place.
 B = Non-inter-level travel time spent in this place.
 C = Inter-level travel time spent in this place.
 D = Time resting spent in this place.
 E = Time spent auto-exploring this place.
 F = Levels seen in this place.
 G = Mean time per level.
                   A        B        C        D        E       F      G
               +--------+--------+--------+--------+--------+-----+--------+
         Total |   3257 |   3098 |    159 |      0 |   2590 |   4 |  814.2 |
       Dungeon |   3257 |   3098 |    159 |      0 |   2590 |   4 |  814.2 |
               +--------+--------+--------+--------+--------+-----+--------+

Top non-repeatable levels by time:
     D:1: 1265 daAuts
     D:3: 1051 daAuts
     D:2: 725 daAuts
     D:4: 214 daAuts
